 Dungeon Crawl Stone Soup version 0.18-a0-943-g2c08dd4 (webtiles) character file.

16267 Duffy the Thaumaturge (level 12, -1/75 HPs)
             Began as a Deep Elf Conjurer on Dec 28, 2015.
             Was a High Priest of Vehumet.
             Slain by an ettin
             ... wielding a +0 great mace
              (29 damage)
             ... on level 2 of the Orcish Mines.
             The game lasted 00:28:28 (15666 turns).

Duffy the Thaumaturge (Deep Elf Conjurer)          Turns: 15666, Time: 00:28:28

Health: -1/75      AC:  3    Str:  5    XL:     12   Next: 8%
Magic:  34/55      EV: 18    Int: 26    God:    Vehumet [*****.]
Gold:   604        SH:  0    Dex: 15    Spells: 5 memorised, 22 levels left

rFire  . . .     SeeInvis .     N - staff of power {!a}
rCold  . . .     Gourm    .     a - +0 robe
rNeg   . . .     Faith    .     (no shield)
rPois  +         Spirit   .     y - +0 helmet
rElec  .         Dismiss  .     (no cloak)
rCorr  .         Reflect  .     (no gloves)
SustAt .         Harm     .     (no boots)
MR     +....                    (no amulet)
Stlth  ++........               D - ring of poison resistance
                                p - ring of magical power

@: somewhat resistant to hostile enchantments, unstealthy
A: no striking features
a: Renounce Religion


You were on level 2 of the Orcish Mines.
You worshipped Vehumet.
Vehumet was extremely pleased with you.
You were hungry.

You visited 3 branches of the dungeon, and saw 14 of its levels.

You collected 699 gold pieces.
You spent 95 gold pieces at shops.


   Skills:
 - Level 8.5 Fighting
 - Level 9.0 Dodging
 - Level 2.4 Stealth
 + Level 13.6 Spellcasting
 + Level 11.6 Conjurations
 - Level 3.0 Hexes
 - Level 7.0 Charms


You had 22 spell levels left.
You knew the following spells:

 Your Spells              Type           Power        Failure   Level  Hunger
a - Magic Dart            Conj           ####         1%          1    None
c - Iskenderun's Mystic   Conj           ######..     1%          4    None
l - Fulminant Prism       Conj/Hex       ######....   1%          4    None
n - Iskenderun's Battles  Conj/Chrm      ######..     1%          5    ##.....
s - Searing Ray           Conj           ######       1%          2    None

Inventory:

Hand Weapons
 J - a +0 blowgun
Missiles
 j - 3 throwing nets (quivered)
 w - 82 poisoned needles
Armour
 a - a +0 robe (worn)
 y - a +0 helmet (worn)
Magical Staves
 N - an uncursed staff of power (weapon) {!a}
Jewellery
 k - an uncursed ring of teleportation
 p - a ring of magical power (left hand)
 D - a ring of poison resistance (right hand)
 E - an uncursed amulet of rage
Wands
 F - a wand of lightning (5/15)
 G - a wand of flame (10/48)
 H - a wand of paralysis (15/24)
 K - a wand of lightning (8/15)
 R - a wand of enslavement (12/24)
Scrolls
 d - 4 scrolls of enchant weapon
 e - 4 scrolls of enchant armour
 f - 3 scrolls of remove curse
 m - 5 scrolls of teleportation
 q - a scroll of blinking
 r - a scroll of noise
 u - 2 scrolls of recharging
 v - 3 scrolls of magic mapping
 x - 3 scrolls of immolation
 A - a scroll of fear
 L - 4 scrolls of identify
 M - 3 scrolls of fog
 S - a scroll of amnesia
Potions
 g - 3 potions of agility
 h - a potion of brilliance
 n - 3 potions of lignification
 o - a potion of flight
 s - 2 potions of heal wounds
 z - 3 potions of might
 B - 2 potions of ambrosia
 I - a potion of haste
 Q - 3 potions of curing
Books
 b - a book of Conjurations
 O - a book of Geomancy
Comestibles
 c - 5 bread rations
 i - 3 slices of pizza
 l - 6 fruits
 t - 7 meat rations
 C - 9 royal jellies
 P - 3 beef jerkies

Dungeon Overview and Level Annotations

Branches:
Dungeon (11/15)            Temple (1/1) D:5            Lair (0/8) D:9
    Orc (2/2) D:11
    Elf: Orc:2

Altars:
Ashenzari
Cheibriados
Dithmenos
Elyvilon
Fedhas
Gozag
Kikubaaqudgha
Makhleb
Okawaru
Pakellas
Qazlal
Ru
Sif Muna
Trog
Vehumet
Xom
Yredelemnul
Zin
The Shining One

Shops:
D:6 }*   D:7 *:((*

Annotations:
D:8 George's ghost, novice GrFi


Message History

The orb of energy hits the orc priest.
You kill the orc priest!
Vehumet accepts your kill.
You feel your power returning.
The orb of energy explodes!
The mystic blast hits the orc warrior.
You kill the orc warrior!
Vehumet accepts your kill.
You feel your power returning.
You hear a shout! x6
A barrage of energy appears from out of your range of vision.
You feel your bond with your battlesphere wane.
An orc comes into view. It is wielding a falchion.
Cast which spell? (? or * to list)
Aiming: Iskenderun's Mystic Blast
Press: ? - help, Shift-Dir - straight line, f - ettin
Aim: an ettin, wielding a great mace and a dire flail The orb of energy hits the ettin.
The ettin is moderately wounded.
The orc shouts!
An orc comes into view. It is wielding a club.
Cast which spell? (? or * to list)
You conjure a globe of magical energy.
An orc wizard comes into view. It is wielding a dagger.
Cast which spell? (? or * to list)
Aiming: Iskenderun's Mystic Blast
Press: ? - help, Shift-Dir - straight line, f/p - ettin
Aim: an ettin, wielding a great mace and a dire flail (moderately wounded)
The orb of energy hits the ettin.
The ettin is heavily wounded.
The orb of energy explodes!
Your battlesphere fires!
The barrage of energy hits the ettin.
The ettin is heavily wounded.
The ettin hits you with a great mace!! The ettin hits you with a dire flail!!
You die...

### #$#####
....#.##
#<.....##
#..$....#
#........
###....$#.
###@..*.....$
#..C.........
...).......o.....
.o..%....#...$..)
#........#.##)...
.#o#....)### #)..
.......)## ..)
...$.....
(.......


You could see an ettin, an orc wizard, 2 orcs and a friendly battlesphere.

Action                   |  1- 3 |  4- 6 |  7- 9 | 10-12 || total
-------------------------+-------+-------+-------+-------++-------
 Fire: Blowgun           |       |       |     3 |       ||     3
 Cast: Magic Dart        |    88 |    96 |   110 |   261 ||   555
       Searing Ray       |     2 |    16 |    38 |    24 ||    80
       Fulminant Prism   |       |     5 |    19 |    10 ||    34
       Iskenderun's Myst |       |       |     1 |    72 ||    73
       Iskenderun's Batt |       |       |       |    55 ||    55
  Use: Scroll            |       |     7 |    14 |     4 ||    25
       Potion            |       |       |     1 |     3 ||     4
  Eat: Chunk             |     4 |     9 |    15 |    24 ||    52
       Fruit             |       |       |     2 |     2 ||     4

Notes
Turn   | Place    | Note
--------------------------------------------------------------
     0 | D:1      | Duffy the Deep Elf Conjurer began the quest for the Orb.
     0 | D:1      | Reached XP level 1. HP: 10/10 MP: 6/6
   609 | D:1      | Reached XP level 2. HP: 15/15 MP: 6/8
   613 | D:1      | Learned a level 2 spell: Searing Ray
   793 | D:2      | Found a faded altar to an unknown god.
   841 | D:2      | Noticed Robin
   971 | D:1      | Killed Robin
   971 | D:1      | Reached skill level 4 in Spellcasting
   971 | D:1      | Reached skill level 5 in Conjurations
   971 | D:1      | Reached XP level 3. HP: 15/19 MP: 5/10
  2298 | D:3      | Reached skill level 5 in Spellcasting
  2298 | D:3      | Reached XP level 4. HP: 24/24 MP: 13/13
  3042 | D:3      | Learned a level 4 spell: Iskenderun's Mystic Blast
  3047 | D:3      | Learned a level 4 spell: Fulminant Prism
  3064 | D:3      | Reached XP level 5. HP: 28/28 MP: 15/15
  3439 | D:4      | Reached skill level 6 in Spellcasting
  3439 | D:4      | Reached skill level 1 in Hexes
  3449 | D:4      | Reached skill level 2 in Hexes
  3686 | D:4      | Learned a level 5 spell: Iskenderun's Battlesphere
  3996 | D:4      | Reached XP level 6. HP: 18/32 MP: 15/17
  4158 | D:4      | Reached skill level 6 in Conjurations
  4660 | D:5      | Entered Level 5 of the Dungeon
  4895 | D:5      | Reached skill level 7 in Spellcasting
  5071 | D:5      | Reached skill level 3 in Hexes
  5080 | D:5      | Reached skill level 1 in Charms
  5245 | D:5      | Reached XP level 7. HP: 36/36 MP: 20/20
  5341 | D:5      | Found a staircase to the Ecumenical Temple.
  5351 | Temple   | Entered the Ecumenical Temple
  5432 | Temple   | Became a worshipper of Vehumet
  5636 | D:5      | Reached skill level 1 in Fighting
  5759 | D:6      | Reached skill level 3 in Dodging
  5885 | D:6      | Found an opulent altar of Gozag.
  5889 | D:6      | Found Gozag's Platinum Reserve.
  6124 | D:6      | Reached skill level 2 in Fighting
  6400 | D:6      | Noticed Grinder
  6400 | D:6      | Paralysed by Grinder for 3 turns
  6412 | D:6      | Killed Grinder
  6412 | D:6      | Reached skill level 3 in Fighting
  6412 | D:6      | Reached skill level 4 in Dodging
  6412 | D:6      | Reached XP level 8. HP: 44/46 MP: 21/21
  6421 | D:6      | Reached skill level 5 in Dodging
  6520 | D:6      | Found an oddly glowing altar of Pakellas.
  6520 | D:6      | Found Pakellas's Prime Provisions.
  6841 | D:6      | Found a shimmering altar of Xom.
  7090 | D:7      | Found Noadei's Weapon Emporium.
  7097 | D:7      | Noticed Menkaure
  7104 | D:7      | Killed Menkaure
  7104 | D:7      | Reached skill level 4 in Fighting
  7109 | D:7      | Reached skill level 6 in Dodging
  7191 | D:7      | Found Istrifaitz's Assorted Antiques.
  7196 | D:7      | Bought 2 fuming white potions for 43 gold pieces
  7294 | D:7      | Found Esorrec's Weapon Boutique.
  7327 | D:7      | Reached skill level 7 in Dodging
  7388 | D:7      | Reached * piety under Vehumet
  7388 | D:7      | Offered knowledge of Shock by Vehumet.
  7544 | D:7      | Reached skill level 5 in Fighting
  7647 | D:7      | Found a sacrificial altar of Ru.
  7883 | D:7      | Found Nunaen's General Store.
  7894 | D:7      | Reached XP level 9. HP: 49/54 MP: 22/22
  7938 | D:7      | Bought a scroll of fog for 26 gold pieces
  7938 | D:7      | Bought a scroll of identify for 26 gold pieces
  8033 | D:7      | Found Ajaiz's Book Shoppe.
  8106 | D:8      | Reached skill level 8 in Dodging
  8137 | D:8      | Noticed George's ghost (novice GrFi)
  8216 | D:8      | Noticed Pikel
  8239 | D:8      | Killed Pikel
  8239 | D:8      | Reached skill level 6 in Fighting
  8382 | D:8      | Reached skill level 7 in Fighting
  9090 | D:7      | Reached skill level 9 in Dodging
  9280 | D:7      | Reached ** piety under Vehumet
  9283 | D:7      | Reached skill level 8 in Fighting
  9362 | D:7      | Offered knowledge of Flame Tongue by Vehumet.
  9455 | D:7      | Reached XP level 10. HP: 62/64 MP: 23/23
  9706 | D:8      | Noticed a cyclops
  9761 | D:8      | Reached skill level 2 in Charms
  9812 | D:9      | Found a glowing golden altar of the Shining One.
 10188 | D:9      | Found a staircase to the Lair.
 10193 | D:9      | Noticed an elephant
 10278 | D:9      | Killed an elephant
 10278 | D:9      | Reached skill level 4 in Charms
 10477 | D:9      | Offered knowledge of Conjure Flame by Vehumet.
 10621 | D:9      | Reached skill level 8 in Spellcasting
 10700 | D:9      | Reached skill level 7 in Conjurations
 10700 | D:9      | Reached skill level 5 in Charms
 11197 | D:9      | Found a burning altar of Makhleb.
 11197 | D:9      | Found a shadowy altar of Dithmenos.
 11204 | D:10     | Entered Level 10 of the Dungeon
 11536 | D:10     | Reached skill level 6 in Charms
 11729 | D:10     | Noticed a guardian serpent
 11825 | D:10     | Reached skill level 7 in Charms
 11953 | D:10     | Killed a guardian serpent
 11953 | D:10     | Reached skill level 9 in Spellcasting
 12103 | D:10     | Reached skill level 8 in Conjurations
 12179 | D:10     | Reached *** piety under Vehumet
 12253 | D:10     | Noticed a queen ant
 12258 | D:10     | Killed a queen ant
 12258 | D:10     | Reached skill level 10 in Spellcasting
 12358 | D:10     | Reached XP level 11. HP: 60/69 MP: 27/27
 12561 | D:10     | Reached skill level 9 in Conjurations
 12799 | D:10     | Offered knowledge of Olgreb's Toxic Radiance by Vehumet.
 13275 | D:10     | Reached skill level 11 in Spellcasting
 13950 | D:10     | Reached skill level 10 in Conjurations
 13951 | D:10     | Reached **** piety under Vehumet
 14004 | D:9      | Reached skill level 12 in Spellcasting
 14114 | D:10     | Offered knowledge of Ignite Poison by Vehumet.
 14347 | D:11     | Found a staircase to the Orcish Mines.
 14538 | D:11     | Noticed a hill giant
 14546 | D:11     | Killed a hill giant
 14695 | D:11     | Reached skill level 11 in Conjurations
 14702 | D:11     | Reached skill level 13 in Spellcasting
 15293 | D:11     | Reached ***** piety under Vehumet
 15293 | D:11     | Offered knowledge of Iron Shot by Vehumet.
 15306 | D:11     | Killed an unseen horror
 15306 | D:11     | Reached XP level 12. HP: 40/75 MP: 31/31
 15513 | Orc:1    | Entered Level 1 of the Orcish Mines
 15621 | Orc:2    | Entered Level 2 of the Orcish Mines
 15661 | Orc:2    | Noticed an ettin
 15666 | Orc:2    | Slain by an ettin

Vault maps used:
D:1:      lightli_arrival_windingriver
D:2:      first_bread, ecumenical_altar_1, uniq_robin
D:3:      minmay_lizard_king
D:4:      wad_orctagon
D:5:      minmay_temple_entry_purple_smoke
D:6:      overflow_temple_1_default, nicolae_gozag_zags_fifth_avenue,
          johnstein_pakellas_shop, uniq_grinder
D:7:      kennysheep_windowed_halls, basic_altar, serial_shops,
          kennysheep_little_box, nicolae_shop_waterfront, shop_statue, shop,
          shop, uniq_menkaure
D:8:      nemelex_xobeh_ov_fountains_minmay, uniq_pikel
D:9:      gammafunk_temple_overflow_wave, david_lair_generic,
          hangedman_pestilent_swarm, tso_metal_star
D:10:     nrook_guardian_serpent_snake_passage, zaba_anthell
D:11:     orc_0_dummy
Temple:   eino_wide_crystal_templ_15
Orc:2:    st_orc_rangers, uniq_maurice

Vanquished Creatures
  A queen ant
  An unseen horror
  A hill giant Pikel
  2 cyclopes
  2 guardian serpents
  An elephant
  A centaur zombie
  A gargoyle
  3 trolls Grinder
  A shadow
  18 yaks
  2 hungry ghosts
  A hippogriff
  A wraith
  13 soldier ants Menkaure
  2 phantoms
  2 necrophages
  4 orc warriors
  3 sky beasts
  2 black bears
  2 wasps
  6 ogres
  6 centaurs
  A slave
  2 big kobolds
  2 crocodiles
  6 giant frogs
  A wyvern skeleton
  3 scorpions
  A quasit
  10 killer bees
  A giant frog zombie
  5 crimson imps
  8 orc priests
  4 jellies
  6 hounds
  A giant frog skeleton
  2 iguanas
  7 orc wizards
  2 gnoll shamans
  41 worker ants
  4 sheep
  2 hound skeletons
  2 worker ant zombies Robin
  10 gnolls
  12 adders
  5 shadow imps
  A worm
  3 adder zombies
  2 adder skeletons
  8 giant geckos
  34 orcs
  3 giant cockroaches
  12 goblins
  11 hobgoblins
  2 jackals
  7 quokkas
  2 bats
  13 giant newts
  21 kobolds
  A quokka skeleton
  A rat
  34 fulminant prisms
  3 plants
376 creatures vanquished.
